[Event "Susha Chess Rapid 2022"]
[Site "Shusha"]
[Date "2022.09.22"]
[Round "5.5"]
[White "Kasimdzhanov, Rustam"]
[Black "Radjabov, Teimour"]
[Result "1/2-1/2"]
[ECO "C67"]
[WhiteElo "2670"]
[BlackElo "2747"]
[Annotator "TA"]
[PlyCount "43"]
[EventDate "2022.09.21"]
[EventType "tourn"]
[EventCountry "AZE"]
[SourceTitle "playchess.com"]
[Source "ChessBase"]
[SourceQuality "1"]
[TimeControl "900+10"]

1. e4 e5 2. Nf3 Nc6 3. Bb5 Nf6 4. O-O Nxe4 5. Re1 Nd6 6. Nxe5 Be7 7. Bf1 Nxe5 8. Rxe5 O-O 9. d4 Bf6 10. Re1 {[%emt 0:00:03] The position is equal.} Re8 {[%emt 0:00:08] C67: Ruy Lopez: Berlin Defence: 4 0-0 Nxe4.} 11. c3 Rxe1 12. Qxe1 Ne8 13. Bf4 d5 14. Bd3 g6 15. Nd2 Ng7 16. Qe2 c6 {[%emt 0:00:03] [#]} 17. Bh6 $1 $146 {[%emt 0:02:56][%mdl 8] A relevant novelty.} ({Predecessor:} 17. Re1 Bf5 18. Bxf5 Nxf5 19. Nf3 Ng7 20. Be5 Bxe5 21. Nxe5 Qd6 22. Qf3 f6 23. Ng4 Re8 24. Re5 Kf7 25. Nh6+ Kf8 26. Ng4 Kf7 27. Nh6+ Kf8 28. Ng4 Kf7 {½-½ (28) Wang,H (2744)-So,W (2776) Stavanger 2022}) 17... Qe8 18. Qf3 Qe7 19. Nf1 Bg5 20. Bxg5 Qxg5 21. Re1 Be6 22. Qg3 {A rather calm draw.  Weighted Error Value: White=0.04 (flawless) /Black=0.01 (flawless)} 1/2-1/2

[Event "Susha Chess Rapid 2022"]
[Site "Shusha"]
[Date "2022.09.23"]
[Round "6.1"]
[White "Durarbayli, Vasif"]
[Black "Kasimdzhanov, Rustam"]
[Result "1-0"]
[ECO "C50"]
[WhiteElo "2628"]
[BlackElo "2670"]
[Annotator "TA"]
[PlyCount "79"]
[EventDate "2022.09.21"]
[EventType "tourn"]
[EventCountry "AZE"]
[SourceTitle "playchess.com"]
[Source "ChessBase"]
[SourceQuality "1"]
[TimeControl "900+10"]

1. e4 e5 2. Nf3 Nc6 3. Bc4 Nf6 4. d3 Bc5 5. O-O d6 6. c3 h6 7. Re1 O-O 8. Nbd2 Bb6 9. Bb3 Ne7 {[%emt 0:00:07] C54: Giuoco Piano: 4 c3 Nf6, main lines with 5 d4 and 5 d3.} 10. Nc4 Ng6 11. a4 $5 {[%emt 0:00:19][%mdl 4] Leaves trodden paths.} c6 {[%emt 0:00:04] The position is equal.} 12. Nxb6 axb6 13. Be3 Re8 14. h3 {[%emt 0:00:38] [#]} d5 $146 ({Predecessor:} 14... Be6 15. Bxe6 {½-½ (15) Khachiyan,M (2479)-Amanov,Z (2359) Los Angeles 2012}) 15. Bc2 c5 16. b4 cxb4 17. cxb4 d4 18. Bd2 Be6 19. Bb3 Qd7 20. Kh2 b5 21. Bxe6 (21. a5 {is more complex.} Rec8 22. Bxe6 Qxe6 23. Qb1) 21... Rxe6 (21... Qxe6 {seems wilder.} 22. axb5 Rxa1 23. Qxa1 Qb3) 22. axb5 Rxa1 23. Qxa1 Qxb5 24. Qa8+ Kh7 25. Qa3 Nh5 26. g3 {[%emt 0:01:42] Inhibits Nhf4.} Rf6 27. Kg2 Qd7 {[%emt 0:00:03][%cal Of6f3] Threatens to win with ...Rxf3!} 28. Rh1 Ra6 29. Qb3 f5 30. b5 Rb6 31. Rb1 f4 {[%emt 0:02:15] [#]} (31... fxe4 $11 32. dxe4 Nf6) 32. g4 $1 $16 Nf6 33. Ba5 $36 {[%emt 0:00:02][%mdl 2048] Black is under strong pressure.} Rd6 34. Rc1 ({White should play} 34. Bb4 $18) 34... b6 $2 {[%emt 0:01:03] A mistake that costs the game.} (34... Nxg4 $2 35. Rc7 Ne3+ 36. fxe3 $18) (34... Ne8 $16 35. Bb4 Qxb5) 35. Bb4 $18 Qxb5 {[%emt 0:00:56] [#]} 36. g5 $1 Nh5 (36... hxg5 $2 37. Nxg5+ Kh6 38. Nf7+ Kh7 39. Nxd6 $18) (36... Ng8 37. gxh6 (37. Rc8 N8e7 $14) 37... Rd7) 37. Rc8 Ne7 {[%emt 0:00:08] Against Qg8+} 38. Qf7 {[%emt 0:00:32] White mates.} Qd7 39. Bxd6 Qxd6 40. Re8 {[%emt 0:00:08] Weighted Error Value: White=0.05 (flawless) /Black=0.29 (precise)} 1-0

[Event "Susha Chess Rapid 2022"]
[Site "Shusha"]
[Date "2022.09.23"]
[Round "6.2"]
[White "Vidit, Santosh Gujrathi"]
[Black "Wang, Hao"]
[Result "1/2-1/2"]
[ECO "B31"]
[WhiteElo "2710"]
[BlackElo "2722"]
[Annotator "TA"]
[PlyCount "111"]
[EventDate "2022.09.21"]
[EventType "tourn"]
[EventCountry "AZE"]
[SourceTitle "playchess.com"]
[Source "ChessBase"]
[SourceQuality "1"]
[TimeControl "900+10"]

1. e4 c5 2. Nf3 Nc6 3. Bb5 g6 4. Bxc6 bxc6 5. O-O Bg7 6. Re1 Nf6 7. e5 Nd5 8. c4 Nc7 9. Nc3 O-O 10. d4 cxd4 11. Qxd4 Ne6 12. Qh4 Rb8 {[%emt 0:00:01] B31: Sicilian: 2...Nc6 3 Bb5 g6.} 13. b3 d5 14. cxd5 cxd5 {[%emt 0:00:03] [#] White has an edge.} 15. Be3 $146 {[%emt 0:01:29] Inhibits d4.} (15. Ne2 $14) ({Predecessor:} 15. Rd1 Bb7 16. Bh6 Rc8 17. Ne2 Rc5 18. Ned4 Nxd4 19. Nxd4 Qc7 {½-½ (19) Tauscher,K (2500)-Offenborn,H (2335) Remote email 2012}) 15... a5 $1 $11 16. Ne2 Rb4 17. Ned4 Nxd4 18. Bxd4 Bf5 19. Qg5 Be4 {[%emt 0:02:51] Strongly threatening ...Bxf3.} 20. Bc5 Rb7 21. Nd2 Qc7 22. Bd4 Qc2 23. Qe3 Qd3 24. Nxe4 dxe4 25. Qxe4 Qxe4 26. Rxe4 Rb4 {[%emt 0:00:02] And now ...Rd8 would win.} 27. Rae1 Rc8 $1 {[%emt 0:00:02] Inhibits Bc3.} 28. Kf1 Rc2 {[%emt 0:00:42] Against Bb2} 29. Ba7 Rb7 30. Be3 Rxa2 31. Rd1 {[%emt 0:00:05] White threatens Rd8+ and mate.} h5 32. Rd3 Rb2 33. Ra4 (33. e6 $11 Rb1+ 34. Ke2 Rb2+ 35. Kf1) 33... Rb5 ({But not} 33... R7xb3 34. Rxb3 Rxb3 35. Rxa5 $11) 34. f4 R2xb3 ({Of course not} 34... R5xb3 35. Rxb3 Rxb3 36. Ke2 $11) (34... g5 $1 $15) 35. Rxb3 Rxb3 $15 {[%emt 0:00:02][%mdl 4096] Endgame KRB-KRB} 36. Ke2 g5 {[%emt 0:00:29] Threatening ...gxf4.} 37. g3 Rb2+ 38. Bd2 gxf4 39. gxf4 Bh6 40. Kd3 Rb3+ 41. Bc3 e6 42. f5 exf5 43. Rxa5 Bg7 (43... Bf4 $5 44. Kc2 Rb8 $15) 44. Kc2 (44. Kd4 $11) 44... Rb7 45. Ra2 Rd7 46. Kb3 {[%emt 0:00:08] [#]} f4 (46... Re7 $1 $17 47. Rf2 Kh7) 47. Rf2 {[%emt 0:00:06] [#]} (47. Kc4 $11 {remains equal.}) 47... Bh6 (47... Rc7 $1 $17) 48. Kc4 $11 {[%emt 0:00:08] The position is equal.} Kh7 {[%emt 0:00:15] White must now prevent ...Kg6.} 49. Bd2 Ra7 50. Kb3 Kg6 {[%emt 0:00:41] Hoping for ...Kf5.} 51. Bxf4 Bxf4 52. Rxf4 Ra6 53. Kc3 Ra3+ 54. Kd4 Ra4+ 55. Ke3 Ra3+ 56. Ke4 {Weighted Error Value: White=0.13 (very precise) /Black=0.11 (very precise)} 1/2-1/2

[Event "Susha Chess Rapid 2022"]
[Site "Shusha"]
[Date "2022.09.23"]
[Round "6.4"]
[White "Maghsoodloo, Parham"]
[Black "Mamedov, Rauf"]
[Result "1-0"]
[ECO "D10"]
[WhiteElo "2721"]
[BlackElo "2646"]
[Annotator "TA"]
[PlyCount "95"]
[EventDate "2022.09.21"]
[EventType "tourn"]
[EventCountry "AZE"]
[SourceTitle "playchess.com"]
[Source "ChessBase"]
[SourceQuality "1"]
[TimeControl "900+10"]

1. d4 d5 2. c4 c6 3. e3 Nf6 4. Nc3 Bf5 5. f3 e6 6. g4 {[%emt 0:00:02] D10: Slav Defence: 3 cxd5 (without early Nf3) and 3 Nc3.} Bg6 7. h4 h6 8. Nge2 {[%emt 0:00:15] The position is equal.} Bd6 {[%emt 0:00:02] [#]} 9. Nf4 $146 ({Predecessor:} 9. Qb3 b6 10. cxd5 exd5 11. Nf4 Bh7 12. Bd2 g5 13. Nfe2 Qe7 14. hxg5 hxg5 15. Bg2 {1-0 (22) Maghsoodloo,P (2701)-Smirnov,A (2600) Chennai 2022}) 9... Bxf4 10. exf4 dxc4 11. Bxc4 Nbd7 (11... b5 $5 12. Bb3 Kf8 $14) 12. Kf2 Nb6 13. Bb3 h5 14. f5 exf5 15. g5 Nfd5 16. Nxd5 Nxd5 17. Qe1+ Kf8 18. Bxd5 Qxd5 19. Qb4+ Kg8 20. Bf4 Kh7 21. Qxb7 Qxd4+ 22. Kg3 Rhe8 23. Rh2 {[%emt 0:00:50] Against Re2} Qb6 24. Qxb6 axb6 25. a4 f6 (25... c5 $11) 26. gxf6 $14 gxf6 27. Rd2 Red8 {[%emt 0:01:01] Against Rd7+} 28. Rxd8 Rxd8 {[%emt 0:00:01][%mdl 4096] Endgame KRB-KRB} 29. b4 Ra8 30. Be3 f4+ 31. Kxf4 Bc2 32. a5 $1 ({Much weaker is} 32. Bxb6 Rxa4 33. Rxa4 Bxa4 $11) 32... bxa5 33. bxa5 {[%emt 0:01:50] And now a6 would win.} Bd3 34. Rd1 Bc4 35. Rd7+ Kg6 36. Bb6 Bd5 37. Rc7 {[%emt 0:00:09] White is more active.} ({White should play} 37. Rd6 $16) 37... Rb8 $1 38. Rd7 (38. Re7 $14) 38... Ra8 $16 39. Rd6 Ra6 $2 {[%emt 0:00:15] [#] This move loses the game for Black.} (39... Bb3 $16 {is a better defense.} 40. Rxc6 Bd5) 40. Bd8 $1 $18 Ra7 41. Rxf6+ Kg7 {[%emt 0:00:01] Strongly threatening ...Rd7.} 42. Rf5 Rf7 $2 {[%emt 0:00:18] [#]} (42... Ra8) 43. Rxf7+ $1 Kxf7 44. Bb6 {[%emt 0:00:01] White wants to mate with a6.} Ke6 45. a6 {[%emt 0:00:11][%cal Ba5a6,Ba6a7][%mdl 32] White mates.} Kd6 {[%emt 0:00:01] [#]} 46. Bc5+ $1 Kc7 47. a7 Kb7 48. Ke3 {[%emt 0:00:02] Weighted Error Value: White=0.06 (flawless) /Black=0.27 (precise)} 1-0

[Event "Susha Chess Rapid 2022"]
[Site "Shusha"]
[Date "2022.09.23"]
[Round "6.5"]
[White "Yilmaz, Mustafa"]
[Black "Guseinov, Gadir"]
[Result "1-0"]
[ECO "E94"]
[WhiteElo "2633"]
[BlackElo "2661"]
[Annotator "TA"]
[PlyCount "105"]
[EventDate "2022.09.21"]
[EventType "tourn"]
[EventCountry "AZE"]
[SourceTitle "playchess.com"]
[Source "ChessBase"]
[SourceQuality "1"]
[TimeControl "900+10"]

1. d4 Nf6 2. c4 g6 3. Nc3 Bg7 4. e4 d6 5. Nf3 O-O 6. Be2 e5 7. O-O exd4 8. Nxd4 Re8 9. f3 c6 10. Nc2 Na6 11. Kh1 Nc7 {[%emt 0:00:45] E94: King's Indian: Classical: 6 Be2 e5 7 0-0: Various Black 7th moves.} 12. Bg5 $1 {[%emt 0:00:02][%mdl 4] is now more promising than 12.Bf4.} h6 13. Bh4 d5 {[%emt 0:01:38] White is slightly better.} 14. cxd5 cxd5 15. Qe1 $1 g5 16. Bg3 Nh5 17. Rd1 $1 Nxg3+ 18. Qxg3 d4 {[%emt 0:00:25] [#]} ({Black should try} 18... Qe7 $14) 19. Bc4 $146 {[%emt 0:03:32] White is more active.} (19. f4 $1 $16) ({Predecessor:} 19. f4 Ne6 20. f5 Nc5 21. Qf3 Qe7 22. Nxd4 Nxe4 23. Nd5 Qe5 24. Nb5 Rd8 25. Nbc7 {1-0 (44) Andersen,M (2587)-Ashiku,F (2422) Chennai 2022}) 19... Be6 $36 {[%emt 0:03:15][%mdl 2048] Black is pushing.} 20. Bxe6 Rxe6 21. Nb4 Qd6 22. Ncd5 {[%emt 0:00:03] And now Qxd6 would win.} Qxg3 23. hxg3 Nxd5 24. Nxd5 Rd8 (24... Rc8 $5 ) 25. g4 Be5 (25... Rc8 $11 {feels stronger.}) 26. Kg1 (26. Rg1 $1 $14) 26... Kg7 27. Kf2 Rc8 28. Rd2 {[%emt 0:01:47] Inhibits Rc2.} Kf8 29. Rfd1 Rd8 {[%emt 0:00:20] Black is on the road to losing.} 30. Rc2 Rc6 31. Rxc6 bxc6 $16 {[%emt 0:00:01][%mdl 4096] Endgame KRB-KRN} 32. Nb4 c5 33. Nd3 (33. Nc6 $142 Re8 34. Nxe5 (34. Nxa7 Ra8 $17) 34... Rxe5 35. Rc1) 33... Bf4 (33... Bd6 $16) 34. Nxc5 $18 Rc8 35. b4 a5 36. a3 ({Stronger than} 36. Rxd4 axb4 37. Nd3 Rc2+ 38. Kf1 Rd2 $14) 36... axb4 37. axb4 Ra8 38. Rxd4 Ra2+ 39. Kf1 Bg3 (39... Be3 {was called for.} 40. Rd6 Rf2+ 41. Ke1 Rxg2 42. Rxh6 Bxc5) 40. Nd3 Ra1+ 41. Ke2 Ra2+ {[%emt 0:00:01] [#]} 42. Kd1 $1 Rxg2 43. b5 {[%emt 0:00:04] Threatens to win with b6.} Rg1+ 44. Kc2 Bc7 45. Rd7 {[%emt 0:00:02] White is clearly winning.} Ba5 46. Ne5 Ke8 47. Rxf7 Rg2+ 48. Kb3 Rg1 49. Ra7 Bb6 50. Rb7 Bd8 51. Kc4 (51. Rb8 $142 Ke7 52. Nc6+ Kd7 53. Rxd8+ Kc7 54. Rh8) 51... Rd1 52. Nc6 (52. Rb8 $142 Rb1 53. Nc6) 52... Bf6 53. e5 {[%emt 0:00:02] Weighted Error Value: White=0.22 (precise) /Black=0.29 (precise)} 1-0

[Event "Susha Chess Rapid 2022"]
[Site "Shusha"]
[Date "2022.09.23"]
[Round "8.2"]
[White "Vidit, Santosh Gujrathi"]
[Black "Maghsoodloo, Parham"]
[Result "0-1"]
[ECO "B90"]
[WhiteElo "2710"]
[BlackElo "2721"]
[Annotator "TA"]
[PlyCount "124"]
[EventDate "2022.09.21"]
[EventType "tourn"]
[EventCountry "AZE"]
[SourceTitle "playchess.com"]
[Source "ChessBase"]
[SourceQuality "1"]
[TimeControl "900+10"]

1. e4 c5 2. Nf3 d6 3. d4 cxd4 4. Nxd4 Nf6 5. Nc3 a6 6. Be3 e5 7. Nb3 Be7 8. f3 h5 9. Qd2 Be6 10. Nd5 Nxd5 11. exd5 Bf5 {[%emt 0:00:02] B90: Sicilian Najdorf: Unusual White 6th moves, 6 Be3 Ng4 and 6 Be3 e5.} 12. O-O-O Nd7 13. Kb1 Qc7 {[%emt 0:00:07] The position is equal.} 14. Rc1 O-O 15. Bd3 Bxd3 {[%emt 0:00:03] [#]} 16. cxd3 $146 (16. Qxd3 $14 a5 17. h4) ({Predecessor:} 16. Qxd3 a5 17. g4 e4 18. Qxe4 Rfe8 19. Qf4 a4 20. Nd2 a3 21. b3 Bf6 22. c3 {½-½ (31) Wosch,A (2176)-Tobler,P (2164) LSS email 2012}) 16... Qd8 $15 17. d4 Bf6 18. Rhd1 Re8 19. Qb4 e4 $1 20. f4 Qb6 21. Qa4 Qb5 22. Qxb5 axb5 23. Rc7 Nb6 24. Rxb7 Nxd5 25. Re1 Rab8 26. Rd7 Red8 27. Rxd8+ Bxd8 28. f5 g6 (28... Bc7 $17) 29. fxg6 $11 f5 30. Bh6 Bf6 31. Rf1 Ne7 32. d5 Be5 33. Bg5 (33. Na5 $14) 33... Nxd5 $17 34. Rxf5 Kg7 35. Bc1 e3 {[%emt 0:00:33][%mdl 1024] ...e2 is the strong threat. Black has strong compensation.} (35... Kxg6 $6 36. Rg5+ Kf7 37. Rxh5 $11) 36. Rf3 (36. g3 $15) 36... e2 (36... Kxg6 $6 37. Bxe3 Bxh2 38. Bd2 $11) 37. Bd2 Re8 {[%emt 0:02:30] Black is more active.} (37... Kxg6 38. Nc1 $11) ({And not} 37... Bxh2 38. Rd3 Bf4 39. Be1) 38. g3 Bf6 ({Resist} 38... Kxg6 39. Rd3 $14) 39. Be1 Ne3 $1 ({Worse is} 39... Kxg6 40. Rf2 $11) 40. Rf2 {[%emt 0:01:10] [#] Against Ng2} (40. Nc1 $142) 40... Nd1 $1 $19 41. Rf3 Nxb2 $2 (41... Bxb2 $19 42. Rd3 d5) 42. Rxf6 $1 $11 Nd3 {[%emt 0:00:02][%mdl 64] Zwischenzug} 43. Nc1 Kxf6 44. Nxd3 Kxg6 {[%emt 0:00:02] Hoping for ...Kf5.} 45. Kc2 Kf5 {[%emt 0:00:01] Threatens to win with ...Kg4.} 46. Nf4 {[%emt 0:00:25] [#]} (46. h3 $11) 46... Kg4 $1 $17 47. Kd2 Kf3 {[%emt 0:00:01] Strongly threatening ...Ra8.} 48. a3 $2 {[%emt 0:00:03][%mdl 8192] This costs White the game.} (48. Nxh5 $17 Ra8 49. Kd3) 48... Re4 $19 {[%emt 0:00:48] aiming for ...Rd4+.} 49. Nd3 Rd4 {[%emt 0:00:20] And now ...Ke4 would win.} 50. Kc3 $2 (50. Kc2) 50... Ke4 51. Nf4 Rd1 52. Bd2 Rc1+ 53. Kb4 e1=Q 54. Bxe1 Rxe1 55. Kxb5 {[%emt 0:00:22][%mdl 4096] Endgame KR-KN} (55. Nxh5 $142 Kd4 56. Kb3) 55... d5 56. Nxh5 d4 {[%emt 0:00:19] Black mates.} 57. Nf4 Rf1 58. Ne6 Rf5+ 59. Kc4 d3 60. Kc3 Ke3 61. a4 d2 62. Kc2 Rf1 {[%emt 0:00:02] Weighted Error Value: White=0.54/Black=0.14 (very precise)} 0-1

[Event "Susha Chess Rapid 2022"]
[Site "Shusha"]
[Date "2022.09.23"]
[Round "8.3"]
[White "Kasimdzhanov, Rustam"]
[Black "Mamedyarov, Shakhriyar"]
[Result "1/2-1/2"]
[ECO "C45"]
[WhiteElo "2670"]
[BlackElo "2757"]
[Annotator "TA"]
[PlyCount "51"]
[EventDate "2022.09.21"]
[EventType "tourn"]
[EventCountry "AZE"]
[SourceTitle "playchess.com"]
[Source "ChessBase"]
[SourceQuality "1"]
[TimeControl "900+10"]

1. e4 e5 2. Nf3 Nc6 3. d4 exd4 4. Nxd4 Nf6 5. Nxc6 bxc6 6. e5 Qe7 7. Qe2 Nd5 8. g3 g6 9. c4 Ba6 10. b3 Bg7 11. Bb2 $1 d6 {[%emt 0:01:48] C45: Scotch Game.} 12. Bg2 O-O-O {[%emt 0:00:19][%cal Rd6e5] [#]} (12... dxe5 $2 13. Qd2 $18) ({Don't take} 12... Bxe5 13. Bxe5 dxe5 14. Qd2 $16) 13. Qd2 $146 {[%emt 0:01:20] [#] Hoping for 0-0.} ({Predecessor:} 13. Nc3 Nxc3 14. Bxc3 Bxe5 15. O-O Rhe8 16. Bxe5 Qxe5 17. Qf3 d5 18. Qxf7 Qe7 19. Qf3 {1-0 (56) Nowak,I (2093)-Krol,W (1907) LSS email 2017}) 13... Nb4 $1 {[%emt 0:00:53] The position is equal.} 14. a3 $1 ({Not} 14. Qxb4 $2 Bxe5 15. O-O (15. Bh3+ $2 f5 $19) 15... Bxb2 $17) 14... Nd3+ 15. Qxd3 Bxe5 16. O-O Bxb2 17. Ra2 Bg7 18. Bxc6 d5 $1 19. Qd2 {[%emt 0:00:11] aiming for Qa5.} dxc4 20. Qa5 Bb7 21. Bxb7+ Kxb7 22. Qb5+ Ka8 23. Qxc4 Rd4 24. Qc6+ Kb8 25. Qb5+ Ka8 26. Qc6+ {Weighted Error Value: White=0.00 (flawless) /Black=0.03 (flawless)} 1/2-1/2

[Event "Susha Chess Rapid 2022"]
[Site "Shusha"]
[Date "2022.09.23"]
[Round "8.4"]
[White "Durarbayli, Vasif"]
[Black "Guseinov, Gadir"]
[Result "1-0"]
[ECO "B40"]
[WhiteElo "2628"]
[BlackElo "2661"]
[Annotator "TA"]
[PlyCount "79"]
[EventDate "2022.09.21"]
[EventType "tourn"]
[EventCountry "AZE"]
[SourceTitle "playchess.com"]
[Source "ChessBase"]
[SourceQuality "1"]
[TimeControl "900+10"]

1. e4 c5 2. Nf3 e6 3. d4 cxd4 4. Nxd4 Nf6 5. Nc3 Nc6 6. Nxc6 bxc6 7. e5 Nd5 8. Ne4 Bb7 (8... Qc7 $5 ) 9. a3 $5 {[%emt 0:00:58][%mdl 4] Exploring less charted territory. B45: Sicilian Four Knights.} Qc7 10. f4 (10. Qh5 $11 {deserves consideration.}) 10... c5 $1 $15 11. Qe2 {[%emt 0:02:56] [#] Black has an edge.} Qc6 $146 ({Predecessor:} 11... Be7 12. c4 Nb6 13. g3 Qc6 14. Bg2 Qa4 15. Nc3 Qa6 16. Nb5 Rc8 17. b3 Bc6 {1-0 (32) Nomin Erdene,D (2356)-Bertovic,M (2268) Novi Sad 2018}) 12. Nf2 Nb6 13. Be3 c4 14. h4 Nd5 15. Rh3 Rc8 16. h5 $1 f5 17. exf6 gxf6 18. h6 Bd6 {[%emt 0:00:23] Threatens to win with ...c3.} 19. Ne4 Be7 20. f5 e5 (20... Nxe3 $6 21. Rxe3 e5 22. O-O-O $11) (20... Rg8 $1 $17 21. Bd2 exf5 22. Qh5+ Kf8 23. Qxf5 Qe6 24. Qxe6 (24. Qxh7 $2 Nc3 $19) 24... dxe6) 21. Nc3 ({Don't blunder} 21. Bxa7 $2 Nf4 22. Qf3 Nxh3 $19) (21. Qh5+ Kd8 22. O-O-O Nxe3 23. Rxe3 Qb6 $17) 21... Nxe3 22. Rxe3 Rg8 23. O-O-O $1 {[%emt 0:00:19] Black must now prevent Re4.} Qc5 (23... Qb6 $1 $11 {keeps the balance.}) 24. Qh5+ $1 $16 {[%emt 0:01:15] White now steadily converts the win.} ({Don't play} 24. Ne4 Qb6 25. Nc3 (25. Qd2 $2 d5 $19) 25... Ba8 $15) 24... Kf8 {[%emt 0:00:14] [#]} 25. Qh3 {[%emt 0:00:26] White is more active.} d5 {[%emt 0:01:06] [#]} (25... Rg5 $16 {keeps fighting.}) 26. Rg3 $1 $18 d4 27. Rxg8+ Kxg8 28. Qg3+ Kf8 29. Be2 {[%emt 0:00:13][%cal Oe2h5,Bf1e2,Be2c4,Bc4d5][%mdl 32] Threatening mate with Bh5! The board is on fire.} Ke8 30. Qg8+ Kd7 31. Qxh7 {[%emt 0:00:01] Hoping for Qg7.} Kc7 $2 (31... Bc6) 32. Na4 {[%emt 0:00:10] White is clearly winning.} Qd6 33. Bxc4 Bc6 34. Nc3 Rb8 {[%emt 0:00:12] [#]} (34... Qc5 $142 35. Nd5+ Bxd5 36. Bxd5 Kb8) 35. Nd5+ $1 Bxd5 (35... Kd7 36. Nb4) 36. Bxd5 Rb5 37. Bc4 Rc5 38. Qf7 {[%emt 0:00:01] aiming for h7.} Kb6 39. h7 Rc8 40. Qg8 {[%emt 0:00:13] Weighted Error Value: White=0.09 (flawless) /Black=0.31} 1-0

[Event "Susha Chess Rapid 2022"]
[Site "Shusha"]
[Date "2022.09.23"]
[Round "8.5"]
[White "Yilmaz, Mustafa"]
[Black "Wang, Hao"]
[Result "0-1"]
[ECO "D38"]
[WhiteElo "2633"]
[BlackElo "2722"]
[Annotator "TA"]
[PlyCount "88"]
[EventDate "2022.09.21"]
[EventType "tourn"]
[EventCountry "AZE"]
[SourceTitle "playchess.com"]
[Source "ChessBase"]
[SourceQuality "1"]
[TimeControl "900+10"]

1. d4 Nf6 2. c4 e6 3. Nf3 d5 4. Nc3 Bb4 5. Qa4+ Nc6 6. e3 O-O 7. Qc2 {[%emt 0:00:02] D38: Queen's Gambit Declined: Ragozin Defence (4 Nf3 Bb4).} dxc4 8. Bxc4 Bd6 9. O-O {[%emt 0:02:17] The position is equal.} e5 10. h3 Bd7 11. Rd1 Qc8 12. dxe5 Nxe5 13. Nxe5 Bxe5 {[%emt 0:00:02] [#]} 14. f4 $146 ({Predecessor:} 14. e4 Re8 15. f3 c6 16. Be3 Be6 17. Bb3 Bc7 18. Rd3 Bb6 19. Bxb6 axb6 20. Bxe6 Qxe6 {½-½ (40) Wang,Y (2730)-Bu,X (2723) Danzhou 2016}) 14... Bxc3 15. Qxc3 Bc6 16. b3 Qf5 17. Bb2 Qg6 {[%emt 0:01:22][%csl Gc6][%cal Rg6g2] [#]} 18. Bf1 Rfe8 19. Qa5 {[%emt 0:04:22] Against Nd5} Rxe3 {[%emt 0:01:49][%cal Oe3e2] ...Re2! is the strong threat.} 20. Qg5 $1 Ree8 21. Rac1 Qxg5 (21... Ne4 $5 22. Qxg6 hxg6 $15) 22. fxg5 Ne4 23. h4 Ng3 $36 {[%emt 0:00:02][%mdl 2048] Threatens to win with ...Ne2+. White is under pressure.} 24. Rc2 {[%emt 0:00:22] Prevents Ne2+.} Nf5 {[%emt 0:01:37] [#] White must now prevent ...Ne3.} 25. Rf2 Ne3 (25... Nxh4 $2 26. Bc4 Rf8 27. Rdf1 $18) 26. Rdd2 Re4 27. Bd3 (27. Be2 $11) 27... Rxh4 $17 28. Rde2 {[%emt 0:00:02] Loses the game.} (28. Bc1 $17 {might work better.}) 28... Nd1 $19 29. Rf5 Nxb2 30. Rxb2 Be4 31. Bxe4 Rxe4 {[%emt 0:00:02][%mdl 4096] Endgame KRR-KRR} 32. Rd2 Re7 {[%emt 0:00:03] Against Rd7} 33. Rfd5 g6 34. b4 a6 35. a4 Kg7 36. Kh2 Rae8 37. Rd7 $2 (37. b5) 37... Rxd7 {[%emt 0:00:08] Black is clearly winning.} 38. Rxd7 {[%emt 0:00:02] KR-KR} Re4 39. Rxc7 Rxb4 40. Kg3 a5 41. Kf3 b6 42. Rb7 (42. Rc6 $142) 42... h6 43. gxh6+ Kxh6 44. Kg3 Kg5 {[%emt 0:00:05] Weighted Error Value: White=0.33/Black=0.03 (flawless)} 0-1

[Event "Susha Chess Rapid 2022"]
[Site "Shusha"]
[Date "2022.09.23"]
[Round "9.1"]
[White "Wang, Hao"]
[Black "Radjabov, Teimour"]
[Result "1/2-1/2"]
[ECO "C67"]
[WhiteElo "2722"]
[BlackElo "2747"]
[Annotator "TA"]
[PlyCount "57"]
[EventDate "2022.09.21"]
[EventType "tourn"]
[EventCountry "AZE"]
[SourceTitle "playchess.com"]
[Source "ChessBase"]
[SourceQuality "1"]
[TimeControl "900+10"]

1. e4 e5 2. Nf3 Nc6 3. Bb5 Nf6 4. O-O Nxe4 5. Re1 Nd6 6. Nxe5 Be7 7. Bf1 Nxe5 8. Rxe5 O-O 9. d4 Bf6 10. Re1 Re8 {[%emt 0:00:02] C67: Ruy Lopez: Berlin Defence: 4 0-0 Nxe4.} 11. Bf4 Rxe1 12. Qxe1 Bxd4 13. Bxd6 cxd6 14. Nc3 Be5 15. Qe4 {[%emt 0:03:10] [#] Black must now prevent Re1.} Bxc3 $146 ({Predecessor:} 15... Rb8 16. Rd1 Bxc3 17. bxc3 b6 18. Rxd6 Bb7 19. Qf5 Bc6 20. Bd3 g6 21. Qf4 Qf8 {½-½ (48) Korinek,J (1815)-Moreira,C (1677) LSS email 2014}) 16. bxc3 {[%emt 0:00:02] Threatening Re1.} d5 $1 17. Qxd5 d6 18. Re1 Be6 19. Qxb7 Qc8 20. Qe4 Rb8 21. Bd3 g6 {[%emt 0:00:08] The position is equal.} 22. c4 Qc5 23. Qf4 Qb4 24. Kf1 Rc8 25. Qf6 Bxc4 26. h4 $1 h5 27. g3 Bxd3+ ({But not} 27... Bxa2 {[#]} 28. Bxg6 $1 Bc4+ 29. Bd3 $16) 28. cxd3 Qa3 29. Qd4 {[%emt 0:00:12] Weighted Error Value: White=0.04 (flawless) /Black=0.04 (flawless)} 1/2-1/2